AoeStats
← Hicox

Lombardia

508338148Analyzed
3v3 RM · 12d ago on Sep 22, 2026· 39m 12s· 6 players
Game mode
Random Map
Map size
Normal (6 player)
Population
200
Speed
Normal
Resources
Standard
Victory
Conquest
Starting age
Dark Age
Ending age
Imperial Age
RankedLock teamsTeams togetherTeam positionsShared explorationLock speedFull tech treeHidden civsTurbo modeCheats
Victory
Defeat
🇧🇷 Sicilians · Brazil
1065
+13
🇦🇷 Khmer · Argentina
1034
+14
🇧🇷 Malians · Brazil
910
+20
🇨🇦 Mongols · Canada
1032
-17
🇺🇸 Persians · United States
981
-15
🇲🇽 Vietnamese · Mexico
969
-15
PerfectNexus
11:43 Feudal Age
12:44 Double-Bit Axe
16:05 Loom
27:10 Castle Age
27:13 Stone Mining
27:33 Fletching
27:17 Crossbowman
28:06 Thumb Ring
28:39 Bow Saw
28:50 Bodkin Arrow
33:17 Padded Archer Armor
36:05 Wheelbarrow
36:10 Leather Archer Armor
scallywag4100
8:23 Loom
10:26 Feudal Age
11:34 Double-Bit Axe
24:32 Castle Age
27:27 Fletching
.
6:32 Loom
9:48 Feudal Age
18:05 Castle Age
16:14 Gold Mining
16:33 Double-Bit Axe
17:38 Bloodlines
18:50 Forging
18:45 Scale Barding Armor
18:48 Husbandry
27:12 Bow Saw
27:04 Horse Collar
29:06 Heavy Plow
29:43 Gold Shaft Mining
30:08 Iron Casting
29:47 Town Watch
31:46 Wheelbarrow
34:21 Hand Cart
34:08 Town Patrol
34:18 Scale Barding Armor
38:33 Imperial Age
37:45 Chain Barding Armor
39:44 Conscription
Robert
1:28 Loom
11:44 Feudal Age
12:15 Man-at-Arms
14:34 Scale Mail Armor
14:45 Forging
15:07 Double-Bit Axe
16:38 Arson
17:33 Horse Collar
23:45 Castle Age
22:02 Stone Mining
22:05 Gold Mining
24:30 Fletching
26:49 Town Watch
27:25 Squires
28:05 Stone Shaft Mining
29:26 Heavy Plow
29:48 Bow Saw
31:38 Ballistics
31:51 Fortified Wall
32:52 Gold Shaft Mining
34:33 Chain Mail Armor
34:55 Iron Casting
34:22 Bodkin Arrow
36:02 Wheelbarrow
35:27 Town Patrol
40:57 Imperial Age
38:44 Hand Cart
Hicox
10:08 Loom
11:55 Feudal Age
15:48 Castle Age
14:07 Double-Bit Axe
14:04 Horse Collar
16:02 Town Watch
16:32 Bloodlines
16:37 Husbandry
18:09 Scale Barding Armor
20:52 Heavy Plow
22:24 Forging
25:25 Iron Casting
29:52 Wheelbarrow
32:50 Imperial Age
33:33 Hand Cart
35:09 Chain Barding Armor
35:09 Cavalier
36:15 Town Patrol
37:49 Bow Saw
37:39 Gold Mining
Quemero
0:28 Loom
12:34 Feudal Age
15:48 Scale Mail Armor
26:51 Castle Age
25:33 Double-Bit Axe
26:15 Horse Collar
27:10 Pikeman
29:49 Bow Saw
30:22 Wheelbarrow
Connection lost

Rejoining the realm…

Still unreachable

The connection could not be restored.

Session expired

The server has moved on; the page needs a fresh start.